 Dungeon Crawl Stone Soup version 0.31-a0-1019-g3dd9dd1025 (webtiles) character file.

Game seed: 4342773119148004684

500 ChronoRanger the Magician (level 6, -1/44 HPs)
             Began as a Mummy Summoner on Nov 17, 2023.
             Slain by a troll (10 damage)
             ... on level 5 of the Dungeon.
             The game lasted 00:16:04 (5525 turns).

ChronoRanger the Magician (Mummy Summoner)          Turns: 5525, Time: 00:16:05

Health: -1/44      AC:  3    Str: 11    XL:     6   Next: 94%
Magic:  7/14       EV: 12    Int: 16    God:
Gold:   344        SH:  0    Dex: 13    Spells: 3/16 levels left

rFire   x . .        k - +2 dagger (speed)
rCold   + . .        (no shield)
rNeg    + + +        a - +0 robe
rPois   ∞            (no helmet)
rElec   .            (no cloak)
rCorr   .            (no gloves)
SInv    .            f - +0 pair of boots
Will    .....        (no amulet)
Stlth   ++           (no ring)
HPRegen 0.27/turn    (no ring)
MPRegen 0.14/turn

%: faith
@: no status effects
A: cold resistance 1, negative energy resistance 3, torment resistance 2, heat
vulnerability 1, in touch with death 1, no potions, faith
a: no special abilities


You were on level 5 of the Dungeon.
You visited 1 branch of the dungeon, and saw 5 of its levels.

You collected 344 gold pieces.

Inventory:

Hand Weapons
 b - a +0 dagger
 i - a +0 trident
 k - a +2 dagger of speed (weapon)
Armour
 a - a +0 robe (worn)
 c - a +0 pair of gloves
 f - a +0 pair of boots (worn)
 g - a +2 pair of gloves
 j - the +0 ring mail "Acis" {Int+4}
   (You took it off a hobgoblin on level 4 of the Dungeon)

   Int+4:     It affects your intelligence (+4).
Scrolls
 d - a scroll of torment {unknown}
 e - a scroll of enchant armour
 h - a scroll of fog


   Skills:
 + Level 2.3 Fighting
 + Level 1.2 Armour
 - Level 1.5 Dodging
 - Level 1.5 Stealth
 + Level 5.7 Spellcasting
 + Level 2.1 Hexes
 + Level 4.8 Summonings


You had 3 spell levels left.
You knew the following spells:

 Your Spells              Type           Power      Damage    Failure   Level
a - Summon Small Mammal   Summ           76%        N/A       1%          1
b - Call Imp              Summ           38%        N/A       3%          2
c - Call Canine Familiar  Summ           19%        N/A       6%          3
d - Summon Guardian Gole  Hex/Summ       15%        N/A       11%         3
e - Summon Lightning Spi  Summ/Air       12%        N/A       45%         4

Your spell library contained the following spells:

 Spells                   Type           Power      Damage    Failure   Level
 Tukima's Dance           Hex            11%        N/A       19%         3
 Blink                    Tloc           8%         N/A       22%         2
 Dimensional Bullseye     Hex/Tloc       3%         N/A       67%         4
 Iskenderun's Mystic Bla  Conj/Tloc      4%         2d3       80%         4
 Manifold Assault         Tloc           4%         N/A       80%         4


Dungeon Overview and Level Annotations

Branches:
Dungeon (5/15)
 Temple: D:4-7

Altars:
Kikubaaqudgha
Makhleb
Nemelex Xobeh
Sif Muna
Wu Jian

Annotations:
D:4 1 runed translucent door, Crazy Yiuf


Innate Abilities, Weirdness & Mutations

You are immune to poison.
Your flesh is cold resistant. (rC+)
You are immune to negative energy. (rN+++)
You are immune to unholy pain and torment.
You are vulnerable to heat. (rF-)
You are in touch with the powers of death.
You do not drink.
You have a special connection with the divine. (Faith)


Message History

Your quokka bites the troll.
The troll misses your quokka. The troll claws your quokka.
The troll claws your quokka!
Your quokka dies!
Your quokka's corpse disappears in a puff of smoke!
Casting: Summon Small Mammal (safe; 1% risk of failure)
Confirm with . or Enter, or press ? or * to list all spells.
Your quokka bites the troll but does no damage.
Your quokka bites the troll.
Your quokka barely misses the troll.
Your hound closely misses the troll.
Your hound bites the troll but does no damage.
Casting: Call Canine Familiar (dangerous; 6% risk of failure)
Confirm with . or Enter, or press ? or * to list all spells.
A tiny devil pulls itself out of the air.
Your hound bites the troll but does no damage.
Your hound closely misses the troll.
Your cerulean imp hits the troll from afar with a -3 spear.
The troll attacks as it pursues you! The troll bites you! The troll claws you!
* * * LOW HITPOINT WARNING * * *
The troll closely misses you.
Your hound misses the troll.
Your cerulean imp closely misses the troll.
Your quokka bites the troll.
The troll attacks as it pursues you! The troll bites you but does no damage.
The troll closely misses you. The troll barely misses you.
Your cerulean imp hits the troll but does no damage.
Your hound barely misses the troll.
Your cerulean imp hits the troll but does no damage.
Your cerulean imp barely misses the troll.
Your hound bites the troll.
Your quokka closely misses the troll.
Okay, then.
An iguana comes into view.
Your hound misses the troll.
Your cerulean imp barely misses the troll.
Your hound bites the troll.
The troll bites you.
* * * LOW HITPOINT WARNING * * *
The troll claws you.
* * * LOW HITPOINT WARNING * * *
The troll claws you!
You die...

.......................##
...[...................##
###.....................#
.#.......................##
l.........................#
..........5............##..#
.#.......rh............#
#...##...T............##
#... ####.@........#..<#
#.............#..####...#
#.......######.... #....# .
##.. #..........## #.
###....## # ####.# ##. #


You could see a troll (ally target), a friendly hound (summoned), a friendly
cerulean imp (summoned) and a friendly quokka (summoned).

Vanquished Creatures
  A goblin (D:3)
1 creature vanquished.

Vanquished Creatures (collateral kills)
  Sigmund (D:4)
  A phantom (D:4)
  A scorpion (D:3)
  3 hounds (D:4)
  3 adders
  A worm (D:5)
  2 dart slugs
  10 orcs
  4 ball pythons
  5 bats
  3 endoplasms
  5 giant cockroaches
  A goblin (D:2)
  8 hobgoblins
  6 kobolds
  3 quokkas
  3 frilled lizards (D:2)
  2 rats
62 creatures vanquished.

Grand Total: 63 creatures vanquished

Notes
Turn   | Place    | Note
-------+----------+-------------------------------------------
     0 | D:1      | ChronoRanger the Mummy Summoner began the quest for the
                  | Orb.
     0 | D:1      | Reached XP level 1. HP: 13/13 MP: 4/4
   642 | D:1      | Reached skill level 3 in Spellcasting
  1350 | D:2      | Reached XP level 2. HP: 19/19 MP: 4/6
  1353 | D:2      | Learned a level 2 spell: Call Imp
  1577 | D:2      | Found a faded altar of an unknown god.
  2543 | D:2      | Reached XP level 3. HP: 24/24 MP: 4/8
  2547 | D:2      | Learned a level 3 spell: Call Canine Familiar
  2968 | D:3      | Found a shimmering blue altar of Sif Muna.
  3133 | D:3      | Reached skill level 4 in Spellcasting
  3364 | D:3      | Found an ancient bone altar of Kikubaaqudgha.
  3486 | D:3      | Noticed a scorpion
  3695 | D:3      | Killed a scorpion
  3696 | D:3      | Reached XP level 4. HP: 30/30 MP: 1/10
  3700 | D:3      | Learned a level 3 spell: Summon Guardian Golem
  4016 | D:4      | Reached XP level 5. HP: 35/36 MP: 6/12
  4021 | D:4      | Learned a level 4 spell: Summon Lightning Spire
  4288 | D:4      | Reached skill level 1 in Fighting
  4288 | D:4      | Reached skill level 5 in Spellcasting
  4491 | D:4      | Found a burning altar of Makhleb.
  4509 | D:4      | Reached skill level 1 in Hexes
  4558 | D:4      | Identified the +0 ring mail "Acis" {Int+4}
  4701 | D:4      | Found a sparkling altar of Nemelex Xobeh.
  4704 | D:4      | Found an ornate altar of the Wu Jian Council.
  4789 | D:4      | Noticed Sigmund
  4801 | D:4      | Killed Sigmund
  4802 | D:4      | Reached skill level 1 in Armour
  4802 | D:4      | Reached XP level 6. HP: 44/44 MP: 8/14
  5360 | D:4      | Found a runed translucent door.
  5361 | D:4      | Noticed Crazy Yiuf
  5444 | D:5      | Entered Level 5 of the Dungeon
  5500 | D:5      | Noticed a troll
  5525 | D:5      | Slain by a troll

Illustrated notes

Levels and vault maps discovered:
D:1:      dpeg_arrival_circle_labyrinth_c, layout_basic, due_unseen_surprise
D:2:      minmay_recursive_quarters, layout_loops_corners,
          dreamdust_ecumenical_altar_hidden_monk_grotto,
          kennysheep_generic_room_10
D:3:      layout_loops_ring, mainiacjoe_overflow_alcove_4,
          nicolae_sif_muna_condensation
D:4:      layout_loops_ring, grunt_temple_overflow_open,
          makhleb_heckhound_becter, uniq_sigmund, uniq_crazy_yiuf_cottage
D:5:      layout_layer_cave, minmay_manual_mullet

Skill      XL: |  1  2  3  4  5  6 |
---------------+-------------------+-----
Spellcasting   | 3 4 5 |  5.7
Summonings     | 4 |  4.8
Fighting       | 2 |  2.3
Hexes          | 1 2 |  2.1
Armour         | 1 |  1.2
Dodging        | |  1.5
Stealth        | |  1.5

Action                     |  1- 3 |  4- 6 || total
---------------------------+-------+-------++-------
  Melee: Dagger            |     7 |     6 ||    13
   Cast: Summon Small Mamm |    52 |     7 ||    59
         Call Imp          |    26 |    20 ||    46
         Call Canine Famil |     1 |    15 ||    16
    Use: Scroll            |       |     2 ||     2
 Armour: Robe              |    45 |     7 ||    52
  Dodge: Dodged            |    60 |     6 ||    66

Table legend: (Time is in decaauts)
 A = Elapsed time spent in this place.
 B = Non-inter-level travel time spent in this place.
 C = Inter-level travel time spent in this place.
 D = Time resting spent in this place.
 E = Time spent auto-exploring this place.
 F = Levels seen in this place.
 G = Mean time per level.
                   A        B        C        D        E       F      G
               +--------+--------+--------+--------+--------+-----+--------+
         Total |   5521 |   5193 |    328 |     71 |   3974 |   5 | 1104.2 |
       Dungeon |   5521 |   5193 |    328 |     71 |   3974 |   5 | 1104.2 |
               +--------+--------+--------+--------+--------+-----+--------+

Top non-repeatable levels by time:
     D:2: 1560 daAuts
     D:4: 1456 daAuts
     D:1: 1310 daAuts
     D:3: 1113 daAuts
     D:5: 80 daAuts
